MLB
CINCINNATI REDS @ COLORADO ROCKIES
08/26/2041
 
TOP OF THE 1ST
Cincinnati Reds batting - Pitching for Colorado Rockies : RHP Ron Long
Pitching: RHP Ron Long
Batting: RHB Rudy Edwards 0-0: SINGLE (Groundball, 4MD, EV 96.9 MPH)
Batting: LHB Iván Ramos 0-0: Ball
1-0: Foul Ball, location: 5SF
1-1: Swinging Strike
1-2: Strikes out swinging
Batting: RHB Ed Jones 0-0: Ball
1-0: Ball
2-0: Ball
3-0: Called Strike
3-1: DOUBLE (Groundball, 5L, EV 104.4 MPH)
Rudy Edwards to third
Runner from 3rd tries for Home, SAFE, throw by LF to home
Batting: SHB Joe Jones 0-0: Ball
1-0: Called Strike
1-1: Ground out 4-3 (Groundball, 4, EV 81.9 MPH)
Ed Jones to third
Batting: RHB Héctor Méndez 0-0: Swinging Strike
0-1: Foul Ball, location: 3DF
0-2: Strikes out swinging
Top of the 1st over - 1 run, 2 hits, 0 errors, 1 left on base; Cincinnati 1 - Colorado 0
BOTTOM OF THE 1ST
Colorado Rockies batting - Pitching for Cincinnati Reds : RHP Chris Wood
Pitching: RHP Chris Wood
Batting: LHB Juan Barrón 0-0: Called Strike
0-1: Ball
1-1: Ball
2-1: Foul Ball, location: 2F
2-2: Ground out 6-3 (Groundball, 6, EV 103.1 MPH)
Batting: LHB Eric Merritt 0-0: Fly out, F7 (Flyball, 7D, EV 92.5 MPH)
Batting: RHB Derek Hallyard 0-0: Swinging Strike
0-1: Ball
1-1: Called Strike
1-2: Foul Ball, location: 9LSF
1-2: Ball
2-2: Ball
3-2: Base on Balls
Batting: LHB Pancho Cervantez 0-0: Ball
1-0: Ball
2-0: Called Strike
2-1: Ball
3-1: Base on Balls
Derek Hallyard to second
Batting: LHB António Caligas 0-0: Ball
1-0: Ground out 4-3 (Groundball, 4, EV 98.8 MPH)
Bottom of the 1st over - 0 runs, 0 hits, 0 errors, 2 left on base; Cincinnati 1 - Colorado 0
TOP OF THE 2ND
Cincinnati Reds batting - Pitching for Colorado Rockies : RHP Ron Long
Batting: RHB Sadaharu Takahashi 0-0: Called Strike
0-1: Swinging Strike
0-2: Foul Ball, location: 3SF
0-2: Fly out, F7 (Line Drive, 78M, EV 93.1 MPH)
Batting: LHB Arturo Patino 0-0: Foul Ball, location: 2F
0-1: Ball
1-1: Foul Ball, location: 9LMF
1-2: Foul Ball, location: 25F
1-2: Ball
2-2: Foul Ball, location: 7LSF
2-2: Fly out, F8 (Flyball, 8LXD, EV 101.9 MPH)
Batting: RHB Jorge Ruíz 0-0: Called Strike
0-1: Ball
1-1: SINGLE (Line Drive, 89M, EV 103.8 MPH)
Batting: SHB Ron Anderson 0-0: Ball
1-0: Ground out U3 (Groundball, 34, EV 86.3 MPH)
Top of the 2nd over - 0 runs, 1 hit, 0 errors, 1 left on base; Cincinnati 1 - Colorado 0
BOTTOM OF THE 2ND
Colorado Rockies batting - Pitching for Cincinnati Reds : RHP Chris Wood
Batting: RHB Kurt Carpenter 0-0: Called Strike
0-1: Foul Ball, location: 5F
0-2: Ball
1-2: Foul Ball, location: 25F
1-2: Ball
2-2: Ground out 5-3 (Groundball, 5, EV 101.9 MPH)
Batting: RHB Joe Thompson 0-0: Called Strike
0-1: Ball
1-1: Fly out, F8 (Flyball, 8LXD, EV 103.1 MPH)
Batting: RHB Tim Burns 0-0: Called Strike
0-1: Called Strike
0-2: Ball
1-2: Ball
2-2: Foul Ball, location: 9LDF
2-2: Foul Ball, location: 9LDF
2-2: DOUBLE (Flyball, 8RXD, EV 110.6 MPH)
Batting: LHB Andy Bean 0-0: Ball
1-0: Foul Ball, location: 2F
1-1: Foul Ball, location: 2F
1-2: Ball
2-2: DOUBLE (Flyball, 8LXD, EV 91.3 MPH)
Tim Burns scores
Batting: LHB Juan Barrón 0-0: Ball
1-0: Ball
2-0: Ball
3-0: Called Strike
3-1: Base on Balls
Batting: LHB Eric Merritt 0-0: Ball
1-0: Foul Ball, location: 3F
1-1: Swinging Strike
1-2: Ground out 3-1 (Groundball, 34, EV 88.1 MPH)
Bottom of the 2nd over - 1 run, 2 hits, 0 errors, 2 left on base; Cincinnati 1 - Colorado 1
TOP OF THE 3RD
Cincinnati Reds batting - Pitching for Colorado Rockies : RHP Ron Long
Batting: RHB Rudy Edwards 0-0: Swinging Strike
0-1: Swinging Strike
0-2: Strikes out swinging
Batting: LHB Iván Ramos 0-0: Ball
1-0: Swinging Strike
1-1: Foul Ball, location: 2F
1-2: Strikes out swinging
Batting: RHB Ed Jones 0-0: Fly out, F8 (Flyball, 8LM, EV 93.1 MPH)
Top of the 3rd over - 0 runs, 0 hits, 0 errors, 0 left on base; Cincinnati 1 - Colorado 1
BOTTOM OF THE 3RD
Colorado Rockies batting - Pitching for Cincinnati Reds : RHP Chris Wood
Batting: RHB Derek Hallyard 0-0: Ball
1-0: Foul Ball, location: 3FF
1-1: Foul Ball, location: 2F
1-2: Fly out, F9 (Flyball, 9S, EV 82.5 MPH)
Batting: LHB Pancho Cervantez 0-0: Called Strike
0-1: Fly out, F8 (Flyball, 89S, EV 76.9 MPH)
Batting: LHB António Caligas 0-0: Called Strike
0-1: Ball
1-1: Ball
2-1: Fly out, F7 (Line Drive, 7S, EV 95.6 MPH)
Bottom of the 3rd over - 0 runs, 0 hits, 0 errors, 0 left on base; Cincinnati 1 - Colorado 1
TOP OF THE 4TH
Cincinnati Reds batting - Pitching for Colorado Rockies : RHP Ron Long
Batting: SHB Joe Jones 0-0: Fly out, F8 (Flyball, 78D, EV 95.0 MPH)
Batting: RHB Héctor Méndez 0-0: Ball
1-0: Foul Ball, location: 2F
1-1: Ball
2-1: Ball
3-1: SINGLE (Line Drive, 8LS, EV 102.5 MPH)
Batting: RHB Sadaharu Takahashi 0-0: Ball
1-0: Foul Ball, location: 3F
1-1: DOUBLE (Flyball, 8RXD, EV 102.5 MPH)
Héctor Méndez to third
Runner from 3rd tries for Home, SAFE, no throw by CF
Batting: LHB Arturo Patino 0-0: Intentional Walk
Batting: RHB Jorge Ruíz 0-0: Foul Ball, location: 2LF
0-1: Ball
1-1: DOUBLE (Flyball, 89XD, EV 96.9 MPH)
Sadaharu Takahashi scores
Arturo Patino to third
Runner from 3rd tries for Home, SAFE, no throw by CF
Batting: SHB Ron Anderson 0-0: Called Strike
0-1: Ball
1-1: Called Strike
1-2: Foul Ball, location: 2F
1-2: Strikes out swinging
Batting: RHB Rudy Edwards 0-0: Called Strike
0-1: SINGLE (Groundball, 15S, EV 74.4 MPH) (infield hit)
Jorge Ruíz to third
Batting: LHB Iván Ramos 0-0: Ball
1-0: SINGLE (Groundball, 4MD, EV 100.0 MPH) (infield hit)
Jorge Ruíz scores
Rudy Edwards to second
Batting: RHB Ed Jones 0-0: Ball
1-0: Ball
2-0: Called Strike
2-1: 3-RUN HOME RUN (Flyball, 89XD, EV 105.6 MPH), Distance : 415 ft
Pitching: LHP Wally Ellis
Batting: SHB Joe Jones 0-0: Foul Ball, location: 2RF
0-1: Ball
1-1: Foul Ball, location: 3FF
1-2: Foul Ball, location: 25F
1-2: Strikes out swinging
Top of the 4th over - 7 runs, 6 hits, 0 errors, 0 left on base; Cincinnati 8 - Colorado 1
BOTTOM OF THE 4TH
Colorado Rockies batting - Pitching for Cincinnati Reds : RHP Chris Wood
Batting: RHB Kurt Carpenter 0-0: Called Strike
0-1: Called Strike
0-2: Ball
1-2: Foul Ball, location: 2F
1-2: Fly out, F9 (Flyball, 9LM, EV 100.6 MPH)
Batting: RHB Joe Thompson 0-0: Ball
1-0: Ball
2-0: Ball
3-0: Base on Balls
Batting: RHB Tim Burns 0-0: Ball
1-0: Called Strike
1-1: Foul Ball, location: 2F
1-2: Foul Ball, location: 23F
1-2: Strikes out looking
Batting: LHB Andy Bean 0-0: Ball
1-0: Fly out, F4 (Popup, 4, EV 73.8 MPH)
Bottom of the 4th over - 0 runs, 0 hits, 0 errors, 1 left on base; Cincinnati 8 - Colorado 1
TOP OF THE 5TH
Cincinnati Reds batting - Pitching for Colorado Rockies : LHP Wally Ellis
Batting: RHB Héctor Méndez 0-0: Called Strike
0-1: Ball
1-1: Ball
2-1: Foul Ball, location: 9LMF
2-2: Strikes out swinging
Batting: RHB Sadaharu Takahashi 0-0: Foul Ball, location: 2F
0-1: Fly out, F7 (Flyball, 7D, EV 85.6 MPH)
Batting: LHB Arturo Patino 0-0: Called Strike
0-1: Ball
1-1: Ball
2-1: Called Strike
2-2: Foul Ball, location: 7LDF
2-2: Ball
3-2: Strikes out swinging
Top of the 5th over - 0 runs, 0 hits, 0 errors, 0 left on base; Cincinnati 8 - Colorado 1
BOTTOM OF THE 5TH
Colorado Rockies batting - Pitching for Cincinnati Reds : RHP Chris Wood
Batting: LHB Juan Barrón 0-0: Ground out 4-3 (Groundball, 4MD, EV 96.9 MPH)
Batting: LHB Eric Merritt 0-0: Fly out, F9 (Flyball, 9, EV 93.8 MPH)
Batting: RHB Derek Hallyard 0-0: Ball
1-0: Called Strike
1-1: Called Strike
1-2: SOLO HOME RUN (Flyball, 7LD, EV 101.9 MPH), Distance : 368 ft
Batting: LHB Pancho Cervantez 0-0: Called Strike
0-1: Ball
1-1: Ball
2-1: Swinging Strike
2-2: Foul Ball, location: 23FF
2-2: Strikes out swinging
Bottom of the 5th over - 1 run, 1 hit, 0 errors, 0 left on base; Cincinnati 8 - Colorado 2
TOP OF THE 6TH
Cincinnati Reds batting - Pitching for Colorado Rockies : LHP Wally Ellis
Batting: RHB Jorge Ruíz 0-0: Called Strike
0-1: Fly out, F4 (Popup, 4M, EV 50.6 MPH)
Batting: SHB Ron Anderson 0-0: Called Strike
0-1: TRIPLE (Line Drive, 89XD, EV 110.0 MPH)
Batting: RHB Rudy Edwards 0-0: Called Strike
0-1: Ball
1-1: Swinging Strike
1-2: Foul Ball, location: 2F
1-2: Ground out 4-3 (Groundball, 4, EV 82.5 MPH)
Ron Anderson scores
Batting: LHB Iván Ramos 0-0: Called Strike
0-1: Swinging Strike
0-2: Ball
1-2: Foul Ball, location: 7LMF
1-2: Strikes out swinging
Top of the 6th over - 1 run, 1 hit, 0 errors, 0 left on base; Cincinnati 9 - Colorado 2
BOTTOM OF THE 6TH
Colorado Rockies batting - Pitching for Cincinnati Reds : RHP Chris Wood
Batting: LHB António Caligas 0-0: Foul Ball, location: 2RF
0-1: SINGLE (Groundball, 34D, EV 105.6 MPH)
Batting: RHB Kurt Carpenter 0-0: Ball
1-0: Foul Ball, location: 2F
1-1: SINGLE (Groundball, 6M, EV 103.8 MPH) (infield hit)
António Caligas to second
Batting: RHB Joe Thompson 0-0: Ball
1-0: Ball
2-0: Called Strike
2-1: Ball
3-1: Swinging Strike
3-2: Base on Balls
António Caligas to third
Kurt Carpenter to second
Batting: RHB Tim Burns 0-0: Called Strike
0-1: Ball
1-1: Swinging Strike
1-2: SINGLE (Line Drive, 89M, EV 98.8 MPH)
António Caligas scores
Kurt Carpenter to third
Joe Thompson to second
Batting: LHB Andy Bean 0-0: Ball
1-0: SINGLE (Groundball, 34D, EV 100.0 MPH)
Kurt Carpenter scores
Joe Thompson to third
Tim Burns to second
Pitching: LHP Steve Wallace
Pinch Hitting: RHB Jared Tebazalwa 0-0: Ball
1-0: Grounds into double play, 5-2-3 (Groundball, 56, EV 93.1 MPH)
Tim Burns to third
Andy Bean to second
Batting: LHB Eric Merritt 0-0: Called Strike
0-1: Ball
1-1: Fly out, F8 (Flyball, 8LM, EV 81.9 MPH)
Bottom of the 6th over - 2 runs, 4 hits, 0 errors, 2 left on base; Cincinnati 9 - Colorado 4
TOP OF THE 7TH
Cincinnati Reds batting - Pitching for Colorado Rockies : LHP Wally Ellis
Now in LF: Juan Costa
Batting: RHB Ed Jones 0-0: Swinging Strike
0-1: Called Strike
0-2: Foul Ball, location: 9LDF
0-2: Ball
1-2: Strikes out swinging
Batting: SHB Joe Jones 0-0: Called Strike
0-1: Reached via error on a dropped throw from 1B, E1 (Groundball, 34S, EV 90.6 MPH)
Batting: RHB Héctor Méndez 0-0: Foul Ball, location: 2F
0-1: Ground out 6-3 (Groundball, 6M, EV 75.0 MPH)
Joe Jones to second
Batting: RHB Sadaharu Takahashi 0-0: Ball
1-0: Ball
2-0: Called Strike
2-1: Ball
Wild Pitch!
Joe Jones to third
3-1: Ground out U3 (Groundball, 34, EV 87.5 MPH)
Top of the 7th over - 0 runs, 0 hits, 1 error, 1 left on base; Cincinnati 9 - Colorado 4
BOTTOM OF THE 7TH
Colorado Rockies batting - Pitching for Cincinnati Reds : LHP Steve Wallace
Batting: RHB Derek Hallyard 0-0: Ball
1-0: Ball
2-0: Foul Ball, location: 2RF
2-1: Fly out, F6 (Popup, 6M, EV 68.1 MPH)
Batting: LHB Pancho Cervantez 0-0: Ball
1-0: Called Strike
1-1: Fly out, F9 (Flyball, 9, EV 86.9 MPH)
Batting: LHB António Caligas 0-0: Ball
1-0: Called Strike
1-1: Foul Ball, location: 3FF
1-2: Ball
2-2: SINGLE (Groundball, 34D, EV 95.0 MPH)
Batting: RHB Kurt Carpenter 0-0: Fielders Choice at 2nd, 6-4 (Groundball, 56, EV 83.8 MPH)
Bottom of the 7th over - 0 runs, 1 hit, 0 errors, 1 left on base; Cincinnati 9 - Colorado 4
TOP OF THE 8TH
Cincinnati Reds batting - Pitching for Colorado Rockies : LHP Wally Ellis
Batting: LHB Arturo Patino 0-0: Ball
1-0: Called Strike
1-1: SINGLE (Groundball, 6D, EV 95.6 MPH)
Batting: RHB Jorge Ruíz 0-0: Ground out U3 (Groundball, 3, EV 76.9 MPH)
Arturo Patino to second
Batting: SHB Ron Anderson 0-0: Ball
1-0: Called Strike
1-1: Ground out 6-3 (Groundball, 6, EV 88.8 MPH)
Batting: RHB Rudy Edwards 0-0: Ball
1-0: Ball
2-0: Ball
3-0: Base on Balls
Batting: LHB Iván Ramos 0-0: Called Strike
0-1: Ball
1-1: Ground out 4-3 (Groundball, 4, EV 94.4 MPH)
Top of the 8th over - 0 runs, 1 hit, 0 errors, 2 left on base; Cincinnati 9 - Colorado 4
BOTTOM OF THE 8TH
Colorado Rockies batting - Pitching for Cincinnati Reds : LHP Steve Wallace
Batting: RHB Joe Thompson 0-0: Ball
1-0: Ball
2-0: Ball
3-0: Called Strike
3-1: Base on Balls
Batting: RHB Tim Burns 0-0: Ball
1-0: Swinging Strike
1-1: Foul Ball, location: 9LSF
1-2: Ball
2-2: Ball
3-2: Ground out 4-3 (Groundball, 34, EV 106.9 MPH)
Joe Thompson to second
Batting: LHB Andy Bean 0-0: Ball
1-0: Foul Ball, location: 25FF
1-1: Ground out 6-3 (Groundball, 6, EV 105.0 MPH)
Batting: LHB Juan Costa 0-0: Ground out 4-3 (Groundball, 4, EV 107.5 MPH)
Bottom of the 8th over - 0 runs, 0 hits, 0 errors, 1 left on base; Cincinnati 9 - Colorado 4
TOP OF THE 9TH
Cincinnati Reds batting - Pitching for Colorado Rockies : LHP Wally Ellis
Pitching: RHP Ethan Byrne
Batting: RHB Ed Jones 0-0: Ball
1-0: Ball
2-0: Called Strike
2-1: Called Strike
2-2: Ball
3-2: Foul Ball, location: 5F
3-2: DOUBLE (Groundball, 5L, EV 104.4 MPH)
Batting: SHB Joe Jones 0-0: Ball
1-0: Ball
2-0: Called Strike
2-1: Foul Ball, location: 2RF
2-2: Ball
3-2: Strikes out swinging
Batting: RHB Héctor Méndez 0-0: Ball
1-0: Called Strike
1-1: Foul Ball, location: 2F
1-2: Ground out 5-3 (Groundball, 25, EV 86.3 MPH)
Batting: RHB Sadaharu Takahashi 0-0: Ball
1-0: Ground out 6-3 (Groundball, 6M, EV 100.6 MPH)
Top of the 9th over - 0 runs, 1 hit, 0 errors, 1 left on base; Cincinnati 9 - Colorado 4
BOTTOM OF THE 9TH
Colorado Rockies batting - Pitching for Cincinnati Reds : LHP Steve Wallace
Batting: LHB Eric Merritt 0-0: Ball
1-0: Ball
2-0: Ball
3-0: Called Strike
3-1: Called Strike
3-2: Strikes out swinging
Batting: RHB Derek Hallyard 0-0: Ball
1-0: Swinging Strike
1-1: Ball
2-1: Ball
3-1: Base on Balls
Batting: LHB Pancho Cervantez 0-0: Swinging Strike
0-1: Fly out, F8 (Flyball, 89D, EV 95.0 MPH)
Batting: LHB António Caligas 0-0: Called Strike
0-1: Ground out 4-3 (Groundball, 34, EV 106.9 MPH)
Bottom of the 9th over - 0 runs, 0 hits, 0 errors, 1 left on base; Cincinnati 9 - Colorado 4
Sunday, March 24th , 2024 - OOTP Baseball 24.10 Build 82